 Dungeon Crawl Stone Soup version 0.16.1-2-g95b8d4c (webtiles) character file.

992 RobertPalmer the Cutter (level 8, 0/50 HPs)
             Began as an Octopode Warper on Mar 25, 2015.
             Was a Priest of Jiyva.
             Slain by a phantom (8 damage)
             ... on level 7 of the Dungeon.
             The game lasted 00:19:43 (8237 turns).

RobertPalmer the Cutter (Octopode Warper)           Turns: 8237, Time: 00:19:43

Health: 0/50       AC:  1    Str: 13    XL:     8   Next: 18%
Magic:  4/4        EV: 13    Int: 17    God:    Jiyva [***...]
Gold:   275        SH:  0    Dex: 21    Spells: 4 memorised, 2 levels left

rFire  . . .     SeeInvis .     b - +2 short sword "Dageingo" {antimagic, Str+4 Dex+4}
rCold  . . .     Clarity  +     (no shield)
rNeg   . . .     SustAb   .     (helmet restricted)
rPois  .         Gourm    .     A - amulet of clarity {Clar, !d}
rElec  .         Spirit   .     s - +4 ring of dexterity
rCorr  +         Warding  .     u - ring of stealth {Stlth+}
rMut   .         Stasis   .     (no ring)
MR     .....                    (no ring)
Stlth  ++++++....               (no ring)
                                (no ring)
                                (no ring)
                                (no ring)

@: not resistant to hostile enchantments, very stealthy
A: almost no armour, amphibious, 8 rings, constrict 8, tentacle spike 1,
camouflage 1, gelatinous body 1
a: Request Jelly, Jelly Paralyse, Renounce Religion


You were on level 7 of the Dungeon.
You worshipped Jiyva.
Jiyva was most pleased with you.
You were not hungry.

You visited 1 branch of the dungeon, and saw 8 of its levels.

You collected 275 gold pieces.

Inventory:

Hand weapons
 a - a +0 rapier
   (You found it on level 4 of the Dungeon)
 b - the +2 short sword "Dageingo" (weapon) {antimagic, Str+4 Dex+4}
   (You found it on level 6 of the Dungeon)

   It disrupts the flow of magical energy around spellcasters and certain
   magical creatures (including the wielder).
   It affects your strength (+4).
   It affects your dexterity (+4).
 J - a +0 blowgun
   (You took it off a kobold on level 8 of the Dungeon)
Missiles
 e - 5 tomahawks of dispersal {=f}
 h - 2 throwing nets {=f, !d}
 F - 5 poisoned needles
Jewellery
 m - an uncursed amulet of resist mutation {rMut, !d}
   (You found it on level 1 of the Dungeon)
 s - a +4 ring of dexterity (left tentacle)
   (You found it on level 2 of the Dungeon)
 u - a ring of stealth (right tentacle) {Stlth+}
   (You found it on level 2 of the Dungeon)
 w - an uncursed amulet of faith {Faith, !P}
   (You found it on level 3 of the Dungeon)
 A - an amulet of clarity (around mantle) {Clar, !d}
   (You found it on level 6 of the Dungeon)
Scrolls
 d - a scroll of blinking {!r}
 g - 3 scrolls of magic mapping {!r}
 j - a scroll of amnesia
 x - a scroll of teleportation {unknown}
 E - a scroll of fear
 G - a scroll of enchant weapon
 H - a scroll of random uselessness {unknown}
 I - 2 scrolls of enchant armour {unknown}
Potions
 n - a potion of cancellation {unknown}
 o - 2 potions of flight
 p - 3 potions of heal wounds
 q - a potion of curing {unknown}
 t - 2 potions of restore abilities {unknown}
 v - a potion of berserk rage {unknown}
 z - a potion of mutation {unknown}
 B - a potion of invisibility
 C - a potion of magic {unknown}
 D - a potion of ambrosia {unknown}
 K - a potion of poison {unknown}
 M - a potion of resistance {unknown}
Books
 c - a book of Spatial Translocations
 r - a book of Alchemy
   (You found it on level 4 of the Dungeon)
 y - a book of Ice
   (You found it on level 5 of the Dungeon)
Comestibles
 f - 2 bread rations {@e1}
 i - 6 meat rations {@e2}
 k - a chunk of flesh {@w0}


   Skills:
 - Level 2.0 Fighting
 - Level 7.0 Short Blades
 - Level 1.0 Throwing
 - Level 2.3 Dodging
 + Level 5.3 Stealth
 - Level 2.0 Spellcasting
 - Level 5.6 Translocations


You had 2 spell levels left.
You knew the following spells:

 Your Spells              Type           Power        Failure   Level  Hunger
a - Shroud of Golubria    Chrm/Tloc      ##........   12%         2    ###....
b - Blink                 Tloc           N/A          2%          2    ###....
c - Passage of Golubria   Tloc           N/A          21%         4    #####..
g - Apportation           Tloc           ###.......   1%          1    #......


Dungeon Overview and Level Annotations

Branches:
Dungeon (8/15)             Temple (0/1) D:5
   Lair: D:8-11

Altars:
Ashenzari
Fedhas
Kikubaaqudgha
Makhleb
Nemelex Xobeh
Ru
Trog
Jiyva


Innate Abilities, Weirdness & Mutations

You cannot wear most types of armour.
You are amphibious.
You can wear up to eight rings at the same time.
You can use your tentacles to constrict many enemies at once.
Your skin changes colour to match your surroundings (Stealth).
Your rubbery body absorbs attacks (AC +1).
One of your tentacles bears a spike.


Message History

You hit the bat but do no damage.
You pierce the bat, but do no damage.
Your squeeze misses the bat. You constrict the bat.
You kill the bat!
You see here a bat corpse.
You butcher the bat corpse.
k - a chunk of flesh {@w0} You see here a bat skeleton.
You flicker back into view.
There are no objects that can be picked up here. a bat skeleton
i - 6 meat rations {@e2} (gained 1)
Found a sparkling altar of Nemelex Xobeh.
You regained 5 hp, and now have 41/50 hp.
An ice beast comes into view.
You regained 2 hp, and now have 43/50 hp.
An ice beast is nearby!
An ice beast is nearby!
An ice beast is nearby!
An ice beast is nearby!
Jiyva says: Divide and consume!
You hear a distant slurping noise.
Jiyva appreciates your sacrifice.
You feel a little less hungry.
Your magical contamination has completely faded away.
You hear a distant slurping noise.
Jiyva appreciates your sacrifice.
You feel a little less hungry.
Jiyva says: Divide and consume!
You hear a distant slurping noise.
Jiyva appreciates your sacrifice.
You hear a distant slurping noise.
Jiyva appreciates your sacrifice.
You feel a little less hungry.
You hear a distant slurping noise.
You feel a little less hungry.
The phantom blinks!
You hit the phantom.
You pierce the phantom, but do no damage.
The phantom blinks!
No target in view!
You hear a distant slurping noise.
You feel a little less hungry.
You hear a squelching noise.
You feel magic leave you.
b - the +2 short sword "Dageingo" (weapon)
{antimagic, Str+4 Dex+4} You hear a distant slurping noise.
Jiyva appreciates your sacrifice.
You feel a little less hungry.
You now have 4/4 mp.
You hear a distant slurping noise.
Jiyva appreciates your sacrifice.
You feel a little less hungry.
You closely miss the phantom.
Your tentacle spike misses the phantom.
The phantom hits you.
You hear a distant slurping noise.
You feel a little less hungry.
You hear a squelching noise.
You take 6 damage, and have 43/50 hp.
You hit the phantom. You squeeze the phantom.
The phantom blinks!
You hear a distant slurping noise.
You hit the phantom.
You pierce the phantom, but do no damage.
The phantom hits you.
You take 3 damage, and have 40/50 hp.
You hit the phantom.
You pierce the phantom, but do no damage.
You hit the phantom.
Your tentacle spike misses the phantom.
The phantom blinks!
The phantom hits you!
You take 10 damage, and have 31/50 hp.
You closely miss the phantom.
You pierce the phantom, but do no damage.
You hear a distant slurping noise.
Jiyva appreciates your sacrifice.
You feel a little less hungry. The phantom hits you.
The phantom blinks!
You take 6 damage, and have 25/50 hp.
You closely miss the phantom.
Your tentacle spike misses the phantom.
You closely miss the phantom. The phantom hits you.
You take 6 damage, and have 19/50 hp.
You closely miss the phantom. You squeeze the phantom. The phantom misses you.
You hit the phantom.
You pierce the phantom, but do no damage.
You squeeze the phantom. The phantom closely misses you.
You hit the phantom but do no damage.
Your tentacle spike misses the phantom.
You hit the phantom.
You pierce the phantom, but do no damage.
Your squeeze misses the phantom. The phantom hits you.
* * * LOW HITPOINT WARNING * * *
You take 6 damage, and have 14/50 hp.
You hit the phantom. Your squeeze misses the phantom. The phantom hits you!
* * * LOW HITPOINT WARNING * * *
The phantom blinks!
You take 7 damage, and have 7/50 hp.
You closely miss the phantom.
Your tentacle spike misses the phantom.
The phantom completely misses you.
You closely miss the phantom.
Your tentacle spike misses the phantom.
You hit the phantom.
Your tentacle spike misses the phantom.
Your squeeze misses the phantom.
The phantom blinks!
You hit the phantom but do no damage.
The phantom blinks!
You hit the phantom. The phantom hits you!
You die...

#. .# #...#.#.## #
. .# #...#.#.##
... .# #.#.#.#.##
.... .# #.#.#.#.##
...#####.#
#.#...#.##
#......#
#.#...#<.#
#...ยง..#
#.#...#..# ..##
##......#
#.#.#.#..# ......
#..W@...#
#####.#..# .....
#.......# #.####
..... ...
#...###.# #...(.
.... ... #...# .#
#.#### ....
...####...## .#
#.#
#.#####.........#
.# #.#
##.....#.......###
## #.#
...###.#.......#
..#
##...#.#.......#
..#


You could see a phantom.

Vanquished Creatures
  A hungry ghost (D:7)
  The ghost of RobertPalmer the Cutter, an average OpWr (D:4)
  Menkaure (D:6)
  2 big kobolds
  2 crimson imps
  2 hounds
  3 worker ants
  2 orc priests (D:3)
  2 iguanas
  An orc wizard (D:3)
  A worker ant zombie (D:5)
  8 adders
  2 worms
  An adder skeleton (D:6)
  3 giant geckos
  2 oozes
  13 orcs
  2 giant cockroaches
  10 goblins
  12 hobgoblins
  4 jackals (D:2)
  3 quokkas
  3 ball pythons
  14 bats
  2 giant newts (D:1)
  14 kobolds
  3 quokka skeletons
  15 rats
129 creatures vanquished.

Vanquished Creatures (others)
  A sky beast (D:6)
  2 ogres (D:4)
  A phantom (D:5)
  A centaur (D:6)
  21 jellies
  A hound (D:6)
  An orc priest (D:6)
  A centaur skeleton (D:4)
  A giant frog skeleton (D:4)
  2 worker ants (D:6)
  A hound skeleton (D:6)
  An adder zombie (D:6)
  A giant gecko (D:4)
  3 orcs (D:6)
  3 bats (D:6)
  A bat zombie (D:6)
  A giant cockroach (D:6)
  A hobgoblin (D:6)
  A quokka (D:4)
  A giant gecko skeleton (D:6)
  A giant gecko zombie (D:4)
  A giant newt (D:4)
  4 kobolds (D:4)
  2 rats
54 creatures vanquished.

Grand Total: 183 creatures vanquished

Notes
Turn   | Place    | Note
--------------------------------------------------------------
     0 | D:1      | RobertPalmer, the Octopode Warper, began the quest for the Orb.
     0 | D:1      | Reached XP level 1. HP: 14/14 MP: 3/3
     2 | D:1      | Noticed a formicid
     2 | D:1      | Noticed a demonspawn
     4 | D:1      | Noticed a spriggan
     4 | D:1      | Noticed a vampire
     6 | D:1      | Noticed an elf
     6 | D:1      | Noticed a ghoul
     8 | D:1      | Noticed a naga
     8 | D:1      | Noticed a centaur
    10 | D:1      | Noticed a gargoyle
    10 | D:1      | Noticed a dwarf
    12 | D:1      | Noticed an ogre
    14 | D:1      | Noticed a felid
    14 | D:1      | Noticed a merfolk
    16 | D:1      | Noticed a tengu
    18 | D:1      | Noticed a troll
    20 | D:1      | Noticed a human
    22 | D:1      | Noticed a minotaur
    22 | D:1      | Noticed a demigod
    24 | D:1      | Noticed an octopode
    24 | D:1      | Noticed a draconian
    26 | D:1      | Noticed a vine stalker
   348 | D:1      | Reached XP level 2. HP: 13/19 MP: 4/4
   645 | D:2      | Reached skill level 3 in Short Blades
   847 | D:2      | Found a shattered altar of Ashenzari.
   900 | D:2      | Reached XP level 3. HP: 24/24 MP: 6/6
  1217 | D:2      | Reached skill level 4 in Short Blades
  1482 | D:3      | Reached XP level 4. HP: 29/29 MP: 7/7
  1486 | D:3      | HP: 7/29 [orc priest/divine providence (15)]
  1985 | D:3      | Noticed a big kobold
  1994 | D:3      | Killed a big kobold
  1994 | D:3      | Reached skill level 5 in Short Blades
  1994 | D:3      | Reached XP level 5. HP: 32/34 MP: 9/9
  2004 | D:3      | Learned a level 2 spell: Blink
  2007 | D:3      | Learned a level 2 spell: Shroud of Golubria
  2675 | D:3      | Reached skill level 4 in Translocations
  2675 | D:3      | Reached XP level 6. HP: 25/39 MP: 5/10
  3293 | D:4      | Noticed RobertPalmer's ghost (average OpWr)
  3410 | D:4      | Found a viscous altar of Jiyva.
  3439 | D:4      | Became a worshipper of Jiyva Jidweteo the Shapeless
  3565 | D:4      | Acquired Jiyva's first power
  3609 | D:4      | HP: 9/39 [quokka (5)]
  3620 | D:4      | HP: 6/39 [quokka (4)]
  3625 | D:4      | HP: 5/39 [quokka (2)]
  3631 | D:4      | HP: 4/39 [quokka (2)]
  4178 | D:4      | Acquired Jiyva's second power
  4192 | D:4      | Killed RobertPalmer's ghost
  4192 | D:4      | Reached skill level 6 in Short Blades
  4431 | D:4      | Reached XP level 7. HP: 28/45 MP: 12/12
  4602 | D:4      | HP: 10/45 [ogre/giant spiked club (27)]
  4868 | D:5      | Entered Level 5 of the Dungeon
  5029 | D:5      | Found a staircase to the Ecumenical Temple.
  5056 | D:5      | Reached skill level 7 in Short Blades
  5147 | D:5      | Got a slimy falchion
  5801 | D:6      | Got a twisted short sword
  5802 | D:6      | Identified the +2 short sword "Dageingo" {antimagic, Str+4 Dex+4} (You found it on level 6 of the Dungeon)
  5813 | D:6      | Learned a level 4 spell: Passage of Golubria
  5847 | D:6      | Identified the cursed -2 falchion of Disgust {venom, rF+ Dex+2} (You found it on level 5 of the Dungeon)
  5866 | D:6      | Found a blossoming altar of Fedhas.
  5909 | D:6      | Reached skill level 5 in Translocations
  6027 | D:6      | HP: 8/45 [centaur/arrow (14)]
  6400 | D:6      | Noticed Menkaure
  6455 | D:6      | Killed Menkaure
  6715 | D:6      | Gained mutation: One of your tentacles bears a spike. [Jiyva's grace]
  6738 | D:6      | Found a bloodstained altar of Trog.
  6943 | D:6      | Found a burning altar of Makhleb.
  6991 | D:6      | HP: 5/45 [something (7)]
  7548 | D:8      | Found a sacrificial altar of Ru.
  7747 | D:8      | Found a blossoming altar of Fedhas.
  7797 | D:8      | Reached skill level 2 in Stealth
  8010 | D:8      | Reached skill level 3 in Stealth
  8010 | D:8      | Reached XP level 8. HP: 46/50 MP: 13/13
  8057 | D:7      | Found an ancient bone altar of Kikubaaqudgha.
  8064 | D:7      | Noticed a hungry ghost
  8097 | D:7      | Killed a hungry ghost
  8097 | D:7      | Reached skill level 5 in Stealth
  8163 | D:7      | Found a sparkling altar of Nemelex Xobeh.
  8228 | D:7      | HP: 7/50 [phantom (7)]
  8237 | D:7      | Slain by a phantom

Action                   |  1- 3 |  4- 6 |  7- 9 || total
-------------------------+-------+-------+-------++-------
Melee: Short sword       |    63 |    77 |    24 ||   164
       Rapier            |       |    50 |   132 ||   182
Throw: Javelin           |     8 |    27 |     1 ||    36
       Tomahawk          |       |     2 |    21 ||    23
 Cast: Apportation       |     1 |       |       ||     1
       Shroud of Golubri |       |     5 |       ||     5
       Blink             |       |       |     2 ||     2
       Passage of Golubr |       |       |     1 ||     1
Invok: Request Jelly     |       |       |     1 ||     1
  Use: Scroll            |     8 |     3 |     7 ||    18
       Potion            |       |       |     2 ||     2
 Stab: Sleeping          |     4 |     7 |     5 ||    16
       Distracted        |       |     1 |       ||     1
  Eat: Chunk             |     2 |     7 |     4 ||    13
       Pizza             |       |     1 |       ||     1
       Bread ration      |       |       |     2 ||     2
       Fruit             |       |       |     2 ||     2

Vault maps used:
D:1:      kb_arrival_jail
D:2:      overflow_temple_1_default, first_bread
D:4:      corexii_shack_village, jiyva_altar_1
D:5:      temple_green
D:6:      makhleb_heckhound_becter, lightli_temple_of_fire, lemuel_round_altar,
          st_stairs_3, grunt_ministairs_6, uniq_menkaure
D:7:      nicolae_overflow_crystal_walls, kennysheep_little_box,
          hangedman_abyss_or_decor_stabs, the_bakery, minmay_three_doors
D:8:      zin_angel, lemuel_crystal_altar, basic_altar, uniq_pikel,
          uniq_erolcha, uniq_edmund

Table legend:
 A = Turns spent in this place as a percentage of turns spent in the entire game.
 B = Non-inter-level travel turns spent in this place as a percentage of non-inter-level travel turns spent in the entire game.
 C = Inter-level travel turns spent in this place as a percentage of turns spent in this place.
 D = Turns resting spent in this place as a percentage of non-inter-level travel turns spent in this place.
 E = Turns spent auto-exploring this place as a percentage of non-inter-level travel turns spent in this place.
 F = Non-inter-level travel turns spent in this place divided by the number of levels of this place that you've seen.
                   A       B       C       D       E      F
               +-------+-------+-------+-------+-------+----------------------
         Total | 100.0 | 100.0 |   0.5 |   2.0 |   4.0 | 394.6
       Dungeon | 100.0 | 100.0 |   0.5 |   2.0 |   4.0 | 394.6
               +-------+-------+-------+-------+-------+----------------------

Table legend:
 A = Kills in this place as a percentage of kills in entire the game.
 B = Kills by you in this place as a percentage of kills by you in the entire game.
 C = Kills by friends in this place as a percentage of kills by friends in the entire game.
 D = Other kills in this place as a percentage of other kills in the entire game.
 E = Experience gained in this place as a percentage of experience gained in the entire game.
 F = Experience gained in this place divided by the number of levels of this place that you have seen.
                   A       B       C       D       E      F
               +-------+-------+-------+-------+-------+----------------------
         Total | 100.0 | 100.0 |  -nan | 100.0 | 100.0 | 177.2
       Dungeon | 100.0 | 100.0 |  -nan | 100.0 | 100.0 | 177.2
               +-------+-------+-------+-------+-------+----------------------
